 Dungeon Crawl Stone Soup version 0.22-a0-443-g17c3723 (webtiles) character file.

48 xccam the Cudgeler (level 3, -2/35 HPs)
             Began as a Gnoll Chaos Knight on June 1, 2018.
             Shot with a sling bullet by a goblin (7 damage)
             ... led by Robin
             ... on level 2 of the Dungeon.
             The game lasted 00:02:25 (754 turns).

xccam the Cudgeler (Gnoll Chaos Knight)              Turns: 754, Time: 00:02:26

Health: -2/35      AC:  6    Str: 15    XL:     3   Next: 72%
Magic:  4/4        EV: 12    Int: 17    God:    Xom [..*...]
Gold:   39         SH:  0    Dex: 14    Spells: 3/3 levels left

rFire    . . .     SeeInvis .   a - +0 mace (chaos)
rCold    . . .     Gourm    .   (no shield)
rNeg     . . .     Faith    .   b - +2 leather armour
rPois    .         Spirit   .   j - +0 helmet {Int+3}
rElec    .         Reflect  .   (no cloak)
rCorr    .         Harm     .   (no gloves)
MR       .....                  (no boots)
Stlth    +.........             (no amulet)
HPRegen  0.11/turn              (no ring)
MPRegen  0.09/turn              (no ring)

@: no status effects
A: distributed training, fangs 1, strong nose
a: Renounce Religion


You were on level 2 of the Dungeon.
You worshipped Xom.
You were a toy of Xom.
You were not hungry.

You visited 1 branch of the dungeon, and saw 2 of its levels.

You collected 39 gold pieces.

Inventory:

Hand Weapons
 a - a +0 mace of chaos (weapon)
Armour
 b - a +2 leather armour (worn)
 j - a +0 helmet of intelligence (worn)
Scrolls
 d - 2 scrolls of identify {unknown}
 m - a scroll of amnesia {unknown}
Potions
 e - a potion of ambrosia {unknown}
 f - a potion of heal wounds {unknown}
 g - a potion of flight {unknown}
 h - 2 potions of mutation {unknown}
 k - a potion of brilliance {unknown}
 l - a potion of agility {unknown}
Comestibles
 c - 3 rations
 i - 3 chunks of flesh


   Skills:
 + Level 6.5 Fighting
 + Level 0.9 Short Blades
 + Level 0.9 Long Blades
 + Level 0.9 Axes
 + Level 6.5 Maces & Flails
 + Level 0.9 Polearms
 + Level 0.9 Staves
 + Level 0.9 Slings
 + Level 0.9 Bows
 + Level 0.9 Crossbows
 + Level 0.9 Throwing
 + Level 4.5 Armour
 + Level 2.6 Dodging
 + Level 0.9 Stealth
 + Level 0.9 Shields
 + Level 0.9 Unarmed Combat
 + Level 0.9 Spellcasting
 + Level 0.6 Conjurations
 + Level 0.6 Hexes
 + Level 0.6 Charms
 + Level 0.6 Summonings
 + Level 0.6 Necromancy
 + Level 0.6 Translocations
 + Level 0.6 Transmutations
 + Level 0.6 Fire Magic
 + Level 0.6 Ice Magic
 + Level 0.6 Air Magic
 + Level 0.6 Earth Magic
 + Level 0.6 Poison Magic
 + Level 1.0 Invocations
 + Level 0.9 Evocations


You had 3 spell levels left.
You didn't know any spells.
Your spell library was empty.

Dungeon Overview and Level Annotations

Branches:
Dungeon (2/15)

Altars:


Innate Abilities, Weirdness & Mutations

Your experience applies equally to all skills.
You have very sharp teeth.
Your uncanny sense of smell can sniff out nearby items.


Message History

The sling bullet hits you but does no damage.
The hobgoblin misses the bat.
The bat barely misses you.
You barely miss the hobgoblin.
The hobgoblin is moderately wounded.
The bat hits you but does no damage.
The goblin shoots a sling bullet.
The sling bullet hits you but does no damage.
Unknown command.
The bat hits you but does no damage.
The goblin shoots a sling bullet.
The sling bullet hits you.
* * * LOW HITPOINT WARNING * * *
The sling bullet freezes you.
* * * LOW HITPOINT WARNING * * *
Things that are here:
a sling bullet; a robe The bat misses you.
Unknown command.
Unknown command.
The bat hits you but does no damage.
The goblin shoots a sling bullet.
The sling bullet hits you!
You die...

...................##.........#.
..........(......#.##...........
......)))?$.g..g...##........###
....!.)g###.##.......#.......# #
.......g##...........#.......#
..(...gg####.#.......#........
........##.g((....[..#.........
......g.##.##..##....#..........
........##g.g..@b....######.....
.........ggg..>........ ......
######....g............
.....................
.%....................
......................
...........###.###....
...........# #.# ####
##........##


You could see 2 hobgoblins, 5 goblins and a bat.

Vanquished Creatures
  Robin (D:2)
  2 oozes (D:1)
  4 giant cockroaches
  5 goblins
  2 hobgoblins (D:1)
  4 bats (D:1)
  4 frilled lizards (D:1)
  3 kobolds
  4 rats (D:1)
29 creatures vanquished.

Notes
Turn   | Place    | Note
-------+----------+-------------------------------------------
     0 | D:1      | xccam the Gnoll Chaos Knight began the quest for the Orb.
     0 | D:1      | Reached XP level 1. HP: 23/23 MP: 1/1
   218 | D:1      | Reached XP level 2. HP: 26/29 MP: 2/2
   316 | D:1      | Reached XP level 3. HP: 33/35 MP: 3/3
   456 | D:1      | XOM: divination: magic mapping
   715 | D:2      | Noticed Robin
   737 | D:2      | Killed Robin
   737 | D:2      | Reached skill level 1 in Invocations
   754 | D:2      | Shot with a sling bullet by a goblin

Vault maps used:
D:1:      matt_arrival_spirals
D:2:      chequers_temple_overflow_minitemple, uniq_robin

Skill      XL: |  1  2  3 |
---------------+----------+-----
Invocations    | 1 |  1.0
Fighting       | |  6.5
Short Blades   | |  0.9
Long Blades    | |  0.9
Axes           | |  0.9
Maces & Flails | |  6.5
Polearms       | |  0.9
Staves         | |  0.9
Slings         | |  0.9
Bows           | |  0.9
Crossbows      | |  0.9
Throwing       | |  0.9
Armour         | |  4.5
Dodging        | |  2.6
Stealth        | |  0.9
Shields        | |  0.9
Unarmed Combat | |  0.9
Spellcasting   | |  0.9
Conjurations   | |  0.6
Hexes          | |  0.6
Charms         | |  0.6
Summonings     | |  0.6
Necromancy     | |  0.6
Translocations | |  0.6
Transmutations | |  0.6
Fire Magic     | |  0.6
Ice Magic      | |  0.6
Air Magic      | |  0.6
Earth Magic    | |  0.6
Poison Magic   | |  0.6
Evocations     | |  0.9

Action                   || total
-------------------------++-------
Melee: Mace              ||    77
       Bite              ||     5
 Stab: Sleeping          ||     1
       Paralysed         ||     4
Armor: Leather armour    ||    34
Dodge: Dodged            ||    66

Table legend:
 A = Spawn XP
 B = Non-spawn XP
 C = Spawn XP percentage of total XP
 D = Spawn monster count
 E = Non-spawn monster count
 F = Spawn count percentage of total count
 G = Total turns spent on level
                    A         B        C        D         E        F      G
               +---------+---------+-------+---------+---------+-------+---------
         Total |       0 |      69 |   0.0 |       0 |      29 |   0.0 |   754
               +---------+---------+-------+---------+---------+-------+---------
           D:1 |       0 |      45 |   0.0 |       0 |      23 |   0.0 |   668
           D:2 |       0 |      24 |   0.0 |       0 |       6 |   0.0 |    86
               +---------+---------+-------+---------+---------+-------+---------
